 Dungeon Crawl Stone Soup version 0.19-a0-27-g415f530 (webtiles) character file.

672 M4edhros the Martial Artist (level 7, -3/56 HPs)
             Began as a Vampire Monk on May 1, 2016.
             Was a Believer of Cheibriados.
             Slain by an orc
             ... wielding a +0 war axe of electrocution
              (19 damage)
             ... on level 5 of the Dungeon.
             The game lasted 00:15:39 (1094 turns).

M4edhros the Martial Artist (Vampire Monk)          Turns: 1094, Time: 00:15:40

Health: -3/56      AC:  3    Str: 17    XL:     7   Next: 32%
Magic:  7/7        EV: 15    Int: 18    God:    Cheibriados [**....]
Gold:   69         SH:  0    Dex: 23    Spells: 0 memorised, 6 levels left

rFire  . . .     SeeInvis +       - Unarmed
rCold  . . .     Gourm    .     a - +0 robe
rNeg   . . .     Faith    .     (no shield)
rPois  +         Spirit   .     (no helmet)
rElec  .         Dismiss  .     (no cloak)
rCorr  .         Reflect  .     (no gloves)
SustAt .         Harm     .     (no boots)
MR     .....     Rnd*Rage +     (no amulet)
Stlth  +++.......               (no ring)
                                c - ring of poison resistance

@: regenerating very quickly, very slow, not resistant to hostile enchantments,
fairly stealthy
A: fangs 3, hooves 1, icy blue scales 1, see invisible, agile 1, berserk 1,
robust 1, unbreathing, MP-powered wands
a: Bend Time, Renounce Religion


You were on level 5 of the Dungeon.
You worshipped Cheibriados.
Cheibriados was pleased with you.
You were almost alive.

You visited 2 branches of the dungeon, and saw 7 of its levels.

You collected 69 gold pieces.

Inventory:

Missiles
 g - 6 javelins of penetration (quivered)
Armour
 a - a +0 robe (worn)
Magical Staves
 d - an uncursed staff of poison {unknown}
Jewellery
 c - a ring of poison resistance (left hand)
Wands
 j - a wand of random effects (43/48)
Scrolls
 b - 2 scrolls of enchant armour
 h - 2 scrolls of fog
Potions
 e - 5 potions of blood


   Skills:
 - Level 2.6 Fighting
 - Level 3.2 Dodging
 - Level 3.0 Stealth
 + Level 9.8 Unarmed Combat


You had 6 spell levels left.
You didn't know any spells.

Dungeon Overview and Level Annotations

Branches:
Dungeon (6/15)             Temple (1/1) D:4

Altars:
Ashenzari
Cheibriados
Gozag
Kikubaaqudgha
Pakellas
Qazlal
Ru
Trog
Vehumet
Xom
Zin
The Shining One

Shops:
D:4 *


Innate Abilities, Weirdness & Mutations

Your natural rate of healing is extremely fast.
You have razor-sharp teeth.
You have supernaturally acute eyesight.
You can survive without breathing.
You have large cloven feet.
You are partially covered in icy blue scales (AC +1).
You are agile. (Dex +2)
You tend to lose your temper in combat.
You are robust (+10% HP).
You expend magic power (3 MP) to strengthen your wands.


Message History

The orc wizard hits you but does no damage.
The orc shouts!
You hit the orc wizard. Your kick misses the orc wizard.
The orc wizard is heavily wounded.
The orc wizard hits you with a dagger.
You barely miss the orc wizard.
You kick the orc wizard, but do no damage.
The orc wizard is heavily wounded.
The orc wizard barely misses you.
You punch the orc wizard!
You kill the orc wizard!
Cheibriados appreciates the change of pace.
You barely miss the orc. You kick the orc, but do no damage.
The orc misses you.
You hit the orc. You kick the orc, but do no damage.
The orc is moderately wounded.
The orc hits you with a war axe of electrocution.
* * * LOW HITPOINT WARNING * * *
You are electrocuted!
You die...

#.#.#.###.## ##.##.
.....(.....# #..#.
#.#.#.###..# #...
#.....# #..# #..# .
###.### #..# #..##...
#.#####..#####.......
#........o)....#
###...##.#####o# ##
#....5..# #@# .#
#....#### #.#
#.##....# #.#
##......# #.#
#.##...## ...
.###....... ... ##
#..##### ... #..#
#.### #..#


You could see an orc.

Vanquished Creatures
  Sigmund (D:5)
  A phantom (D:4)
  A centaur (D:5)
  An ice beast (D:5)
  2 scorpions
  A howler monkey (D:5)
  An iguana (D:4)
  An orc wizard (D:5)
  A hound skeleton (D:5)
  An adder (D:3)
  A shadow imp (D:5)
  An adder zombie (D:5)
  A worm (D:3)
  2 dart slugs
  3 orcs
  3 bats
  3 giant cockroaches
  2 goblins
  2 hobgoblins
  7 jackals
  A quokka (D:5)
  2 giant newts
  6 kobolds
  2 rats (D:1)
47 creatures vanquished.

Notes
Turn   | Place    | Note
--------------------------------------------------------------
     0 | D:1      | M4edhros the Vampire Monk began the quest for the Orb.
     0 | D:1      | Reached XP level 1. HP: 17/17 MP: 1/1
   164 | D:2      | Found a radiant altar of Vehumet.
   207 | D:2      | Reached XP level 2. HP: 20/23 MP: 2/2
   231 | D:2      | Reached skill level 5 in Unarmed Combat
   277 | D:3      | Noticed a scorpion
   289 | D:4      | Noticed a scorpion
   326 | D:3      | Gained mutation: You have large cloven feet. [potion of mutation]
   326 | D:3      | Gained mutation: You are robust (+10% HP). [potion of mutation]
   326 | D:3      | Gained mutation: You tend to lose your temper in combat. [potion of mutation]
   328 | D:3      | Killed a scorpion
   328 | D:3      | Reached skill level 6 in Unarmed Combat
   328 | D:3      | Reached XP level 3. HP: 30/30 MP: 3/3
   328 | D:3      | Reached XP level 4. HP: 37/37 MP: 4/4
   526 | D:3      | Gained mutation: You are partially covered in icy blue scales (AC +1). [potion of mutation]
   526 | D:3      | Gained mutation: You are agile. (Dex +2) [potion of mutation]
   526 | D:3      | Gained mutation: You expend magic power (3 MP) to strengthen your wands. [potion of mutation]
   533 | D:4      | Found Ylerhasa's General Store.
   568 | D:4      | Found a shattered altar of Ashenzari.
   635 | D:4      | Noticed a phantom
   645 | D:4      | Found a staircase to the Ecumenical Temple.
   647 | D:4      | Found a bloodstained altar of Trog.
   652 | Temple   | Entered the Ecumenical Temple
   677 | Temple   | Became a worshipper of Cheibriados the Contemplative
   677 | Temple   | Reached * piety under Cheibriados
   677 | Temple   | Reached ** piety under Cheibriados
   759 | D:4      | Reached skill level 7 in Unarmed Combat
   759 | D:4      | Reached XP level 5. HP: 27/42 MP: 5/5
   790 | D:4      | Killed a phantom
   790 | D:4      | Reached skill level 8 in Unarmed Combat
   835 | D:5      | Entered Level 5 of the Dungeon
   840 | D:5      | Noticed an ice beast
   841 | D:5      | Reached XP level 6. HP: 44/50 MP: 6/6
   859 | D:5      | Killed an ice beast
   937 | D:5      | Noticed Sigmund
   954 | D:5      | Killed Sigmund
   954 | D:5      | Reached skill level 9 in Unarmed Combat
   954 | D:5      | Reached XP level 7. HP: 23/56 MP: 7/7
  1094 | D:5      | Slain by an orc

Vault maps used:
D:1:      dpeg_arrival_pond
D:2:      fedhas_altar_3, vehumet_crystals, grunt_qazlal_clouds
D:3:      marbit_many_paths, first_bread
D:4:      bloody_trog, kennysheep_little_box, nicolae_ashenzari_panopticon,
          minmay_temple_entry_overgrown, serial_shops, shop
D:5:      okawaru_gym_becter, uniq_sigmund
D:6:      black_bear_nest_2
Temple:   circular_temple_12

Skill      XL: |  1  2  3  4  5  6 |
---------------+-------------------+-----
Unarmed Combat | 6 7 8 9 |  9.8
Fighting       | |  2.6
Dodging        | |  3.2
Stealth        | |  3.0

Action                   |  1- 3 |  4- 6 |  7- 9 || total
-------------------------+-------+-------+-------++-------
Melee: Unarmed           |    37 |   116 |    23 ||   176
       Kick              |     1 |    41 |     9 ||    51
       Bite              |     1 |    16 |     1 ||    18
       Punch             |     1 |     4 |       ||     5
Invok: Bend Time         |       |     1 |       ||     1
Evoke: Wand              |       |       |     2 ||     2
  Use: Potion            |    10 |    12 |     1 ||    23
       Scroll            |       |     2 |     2 ||     4
 Stab: Sleeping          |     5 |     1 |       ||     6
Armor: Robe              |     4 |    17 |     3 ||    24
Dodge: Dodged            |    23 |    74 |    19 ||   116
